 Dungeon Crawl Stone Soup version 0.20-a0-1018-ge435b50 (webtiles) character file.

67 Megalobster the Chopper (level 3, -7/51 HPs)
             Began as a Minotaur Berserker on Apr 17, 2017.
             Was a Believer of Trog.
             Mangled by a hippogriff (12 damage)
             ... on level 2 of the Dungeon.
             The game lasted 00:05:44 (1810 turns).

Megalobster the Chopper (Minotaur Berserker)        Turns: 1810, Time: 00:05:45

Health: -7/51      AC:  3    Str: 27    XL:     3   Next: 98%
Magic:  2/2        EV: 12    Int:  7    God:    Trog [**....]
Gold:   55         SH:  0    Dex:  9    Spells: 2/2 levels left

rFire    + . .     SeeInvis .   a - +0 hand axe
rCold    . . .     Gourm    .   (no shield)
rNeg     . . .     Faith    .   b - +0 animal skin
rPois    .         Spirit   .   (helmet restricted)
rElec    .         Reflect  .   u - +0 cloak
rCorr    .         Harm     .   (no gloves)
MR       .....                  (no boots)
Stlth    ..........             (no amulet)
Regen    0.2/turn               k - ring of protection from fire
MPRegen  0.1/turn               y - +3 ring of intelligence

@: berserking, very quick
A: retaliatory headbutt, horns 2
a: Berserk, Trog's Hand, Burn Spellbooks, Renounce Religion


You were on level 2 of the Dungeon.
You worshipped Trog.
Trog was pleased with you.
You were not hungry.

You visited 1 branch of the dungeon, and saw 2 of its levels.

You collected 55 gold pieces.

Inventory:

Hand Weapons
 a - a +0 hand axe (weapon)
 x - a +0 hunting sling
Missiles
 r - 19 stones (quivered)
Armour
 b - a +0 animal skin (worn)
 e - a +0 scale mail
 l - a +0 large shield
 u - a +0 cloak (worn)
Jewellery
 k - a ring of protection from fire (left hand)
 y - a +3 ring of intelligence (right hand)
Scrolls
 d - 4 scrolls of remove curse {unknown}
 f - a scroll of magic mapping {unknown}
 g - a scroll of teleportation {unknown}
 h - 2 scrolls of identify {unknown}
 i - a scroll of noise {unknown}
 s - a scroll of amnesia {unknown}
Potions
 j - a potion of degeneration {unknown}
 m - a potion of brilliance {unknown}
 n - 2 potions of curing {unknown}
 t - a potion of haste {unknown}
 w - a potion of lignification {unknown}
Comestibles
 c - 2 bread rations
 o - 8 chunks of flesh
 p - 2 meat rations
 q - a fruit
 v - a royal jelly


   Skills:
 + Level 4.5 Fighting
 * Level 5.2 Axes
 - Level 2.4 Armour
 - Level 2.1 Dodging


You had 2 spell levels left.
You didn't know any spells.

Dungeon Overview and Level Annotations

Branches:
Dungeon (2/15)

Altars:
Ashenzari
Dithmenos


Innate Abilities, Weirdness & Mutations

You reflexively headbutt those who attack you in melee.
You have a pair of horns on your head.


Message History

The hippogriff pecks you but does no damage.
The hippogriff claws you.
You hit the hippogriff.
The hippogriff is lightly wounded.
The hippogriff bites you! The hippogriff pecks you. The hippogriff claws you.
* * * LOW HITPOINT WARNING * * *
A red film seems to cover your vision as you go berserk!
You feel yourself moving faster!
You feel mighty!
You feel a lot more hungry. The hippogriff barely misses you.
The hippogriff closely misses you. The hippogriff claws you.
* * * LOW HITPOINT WARNING * * *
You slash the hippogriff!
The hippogriff is moderately wounded.
The hippogriff closely misses you. The hippogriff pecks you.
* * * LOW HITPOINT WARNING * * *
The hippogriff closely misses you.
You barely miss the hippogriff.
The hippogriff is moderately wounded.
The hippogriff bites you!
You die...

# #.#####..# ####..#.⌠.#..#.⌠.#.
###........# #..#...#≈≈#...#.
.......###.#### #..≈###≈≈≈≈###≈.
.#####........# ##..≈≈≈≈≈≈≈≈≈≈.)
.#####..#..##.# #..≈≈≈≈≈≈≈≈≈≈..
.##.........#.# ##.≈###≈≈≈≈###≈.
....##..#...#.####..#...#≈≈#...#.
....##..#.#.#.#.....#.⌠.#..#.⌠.#.
................@H..#...#..#...#.
....#.#.......#......###....###..
....#.##......#####..............
....).........# #....###.###...
#..##.#.......# #...## #.###...
#..##......#### ...# #.......
.....##..#### .## ##.##.#.
#..#.##.....# # #.##.#.
...#.##..##.## .# #.##...


You could see a hippogriff.

Vanquished Creatures
  An adder (D:2)
  A worm (D:2)
  A dart slug (D:2)
  A leopard gecko (D:2)
  9 bats
  4 giant cockroaches
  3 goblins
  8 hobgoblins
  5 jackals
  5 frilled lizards
  4 kobolds
  4 rats
46 creatures vanquished.

Notes
Turn   | Place    | Note
-------+----------+-------------------------------------------
     0 | D:1      | Megalobster the Minotaur Berserker began the quest for the Orb.
     0 | D:1      | Reached XP level 1. HP: 19/19 MP: 0/0
   145 | D:1      | Reached skill level 4 in Axes
   160 | D:1      | Reached XP level 2. HP: 26/27 MP: 1/1
   534 | D:1      | Reached ** piety under Trog
   786 | D:2      | Reached XP level 3. HP: 5/33 MP: 2/2
  1064 | D:2      | Found a shadowy altar of Dithmenos.
  1267 | D:2      | Reached skill level 5 in Axes
  1426 | D:2      | Found a shattered altar of Ashenzari.
  1803 | D:2      | Noticed a hippogriff
  1810 | D:2      | Mangled by a hippogriff

Vault maps used:
D:1:      dpeg_arrival_ternary
D:2:      marbit_many_paths, grunt_dithmenos_smoke, fountainhead,
          grunt_ministairs_6, kennysheep_flooded_box, st_stairs_3,
          grunt_decor_mini_mirrors, kennysheep_generic_room_4

Skill      XL: |  1  2  3 |
---------------+----------+-----
Axes           | 4 5 |  5.2
Fighting       | 4 |  4.5
Armour         | |  2.4
Dodging        | |  2.1

Action                   || total
-------------------------++-------
Melee: Hand axe          ||    93
       Headbutt          ||    12
Invok: Berserk           ||     2
  Eat: Chunk             ||     4
Armor: Animal skin       ||    32
Dodge: Dodged            ||    71
